 Dungeon Crawl Stone Soup version 0.31-b1-17-gcfd88c8481 (webtiles) character file.

Game seed: 12834627804021939841

116 demenzo the Trooper (level 5, -6/57 HPs)
             Began as an Oni Berserker on Jan 15, 2024.
             Was a Priest of Trog.
             Splashed by a jelly's acid (9 damage)
             ... on level 5 of the Dungeon.
             The game lasted 00:03:52 (2730 turns).

demenzo the Trooper (Oni Berserker)                 Turns: 2730, Time: 00:03:52

Health: -6/57      AC: -1    Str: 23    XL:     5   Next: 1%
Magic:  1/1        EV: 10    Int:  8    God:    Trog [***...]
Gold:   181        SH:  0    Dex:  8    Spells: 4/4 levels left

rFire   . . .        a - +2 whip (antimagic)
rCold   + . .        (no shield)
rNeg    . . .        b - +0 animal skin
rPois   .            (helmet restricted)
rElec   .            (no cloak)
rCorr   .            (gloves unavailable)
SInv    .            (boots unavailable)
Will    .....        c - amulet of faith
Stlth   +            f - ring of protection from cold
HPRegen 0.29/turn    (no ring)
MPRegen 0.07/turn

%: faith
@: corroded
A: large, unfitting armour, horns 1, tough skin 1, double potion healing,
drunken brawling
a: Renounce Religion, Berserk, Trog's Hand


You were on level 5 of the Dungeon.
You worshipped Trog.
Trog was most pleased with you.
You visited 1 branch of the dungeon, and saw 7 of its levels.

You collected 181 gold pieces.

Inventory:

Hand Weapons
 a - a +2 antimagic whip (weapon)
 d - a +1 short sword of protection
 m - a +0 mace
Missiles
 l - 6 poisoned darts (quivered)
 q - 2 throwing nets
 t - 5 curare-tipped darts
Armour
 b - a +0 animal skin (worn)
Jewellery
 c - an amulet of faith (around neck)
 f - a ring of protection from cold (left hand)
Wands
 i - a wand of iceblast (9)
Scrolls
 g - 5 scrolls of identify
 h - 3 scrolls of teleportation
 s - a scroll of fog
Potions
 e - 2 potions of attraction
 j - a potion of brilliance {unknown}
 k - 2 potions of curing {unknown}
 o - a potion of lignification {unknown}


   Skills:
 + Level 5.0 Fighting
 * Level 4.4 Maces & Flails
 + Level 3.4 Dodging


You had 4 spell levels left.
You didn't know any spells.
Your spell library was empty.

Dungeon Overview and Level Annotations

Branches:
Dungeon (7/15)
 Temple: D:4-7

Altars:
Cheibriados
The Shining One

Shops:
D:2 (


Innate Abilities, Weirdness & Mutations

You are too large for most types of armour.
You have a pair of small horns on your head.
You have tough skin. (AC +1)
You gain doubled healing and magic from potions.
Whenever you drink a healing potion, you attack all around you.


Message History

The jelly attacks as it pursues you! The jelly hits you but does no damage.
Found a snail-covered altar of Cheibriados.
A bombardier beetle comes into view.
The jelly attacks as it pursues you! The jelly completely misses you.
The jelly attacks as it pursues you! The jelly hits you.
You are splashed with acid!
Found a quarterstaff.
The jelly attacks as it pursues you! The jelly barely misses you.
The jelly attacks as it pursues you! The jelly barely misses you.
There is a stone staircase leading up here.
The jelly hits you. The acid corrodes you!
You are splashed with acid.
You climb upwards.
The ufetubus shouts! x2
Found 4 stones.
Found a stone staircase leading down.
There is a stone staircase leading down here.
The ufetubus closely misses you. x2
The ufetubus barely misses you. The ufetubus misses you.
The ufetubus hits you. x2; The ufetubus attacks as it pursues you!
The ufetubus hits you. The ufetubus barely misses you.
An adder comes into view.
The adder hisses angrily.
The ufetubus attacks as it pursues you! The ufetubus hits you. x2
The ufetubus closely misses you. The ufetubus hits you.
The ufetubus slips past you! The ufetubus hits you.
The ufetubus barely misses you.
You miss the ufetubus. Your headbutt misses the ufetubus.
The ufetubus hits you. The ufetubus barely misses you. x2
The ufetubus hits you.
* * * LOW HITPOINT WARNING * * *
The ufetubus attacks as it pursues you! The ufetubus hits you.
* * * LOW HITPOINT WARNING * * *
The ufetubus barely misses you. The ufetubus attacks as it pursues you!
The ufetubus hits you.
* * * LOW HITPOINT WARNING * * *
The ufetubus hits you.
* * * LOW HITPOINT WARNING * * *
The jelly attacks as it pursues you! The jelly hits you.
* * * LOW HITPOINT WARNING * * *
You are splashed with acid!
You die...

#....#
#....# ..
#....+ ...
+....##+#...
#...........
#......S....
#...........
#..@5.......
#..5J#+##..
#..>.#
#....#
#....#
#...>#
#....#
#....+
#(...#


You could see a jelly, an adder and 2 ufetubi.

Vanquished Creatures
  5 adders
  A dart slug (D:3)
  A ribbon worm (D:2)
  4 orcs
  8 ball pythons
  7 bats
  5 endoplasms
  4 giant cockroaches (D:1)
  6 goblins
  5 hobgoblins
  2 quokkas (D:1)
  8 kobolds
  10 rats
66 creatures vanquished.

Notes
Turn   | Place    | Note
-------+----------+-------------------------------------------
     0 | D:1      | demenzo the Oni Berserker began the quest for the Orb.
     0 | D:1      | Reached XP level 1. HP: 24/24 MP: 1/1
   157 | D:1      | Reached XP level 2. HP: 31/32 MP: 2/2
   779 | D:1      | Reached XP level 3. HP: 40/40 MP: 3/3
   997 | D:2      | Reached ** piety under Trog
  1032 | D:2      | Found Gogojour's Weapon Shoppe.
  1264 | D:2      | Reached XP level 4. HP: 28/49 MP: 4/4
  1344 | D:2      | Found a glowing golden altar of the Shining One.
  2157 | D:3      | Reached *** piety under Trog
  2189 | D:3      | Reached skill level 5 in Fighting
  2681 | D:4      | You fall into a shaft and drop 3 floors!
  2698 | D:7      | Reached XP level 5. HP: 57/57 MP: 1/5
  2699 | D:6      | Noticed a black bear
  2713 | D:6      | Found a snail-covered altar of Cheibriados.
  2724 | D:5      | Entered Level 5 of the Dungeon
  2730 | D:5      | Splashed by a jelly's acid

Illustrated notes

Levels and vault maps discovered:
D:1:      ncdulo_smallfort, layout_loops_corners
D:2:      wad_crossroads, layout_basic, serial_shops, shop, basic_altar
D:3:      layout_basic, grunt_decor_mini_mirrors, amcnicky_mini_corridor_feature
D:4:      layout_basic, portal_sewer_entry_d, serial_shops, nicolae_shop_trees,
          minmay_misc_feat_encased
D:5:      layout_gridville, lemuel_doored_altar, nicolae_shop_dragon_depot,
          minmay_misc_feat_five, minmay_fire_ice_demons
D:6:      layout_rooms, slow_altar_1, minmay_temple_entry_slanted, serial_shops,
          nicolae_shop_real_fake_doors, minmay_chambers_of_fives, uniq_sigmund
D:7:      layout_basic, uniq_crazy_yiuf_cottage

Skill      XL: |  1  2  3  4 |
---------------+-------------+-----
Dodging        | 3 |  3.4
Maces & Flails | 4 |  4.4
Fighting       | 5 |  5.0

Action                     |  1- 3 |  4- 6 || total
---------------------------+-------+-------++-------
  Melee: Mace              |    98 |    17 ||   115
         Headbutt          |     9 |     7 ||    16
         Punch             |     1 |     1 ||     2
         Whip              |       |    48 ||    48
    Use: Scroll            |       |     7 ||     7
   Stab: Sleeping          |     1 |     1 ||     2
 Armour: Animal skin       |    69 |    48 ||   117
  Dodge: Dodged            |    54 |    38 ||    92
